cohdb
Replays
Latest Replays
All Replays
Popular Replays
Top Player Replays
Match Explorer
How It Works
Community
CoH3 Stats
Reddit
Sign in to upload your games and track your stats! →
Sign in with Steam
Match 43479854
Unlisted
Match 43479854
Overview
Messages
Build Orders
End
Pioneer Squad
Construct Infanterie Kompanie
MG 42 Machine Gun Team
GrW 34 Mortar Team
Grenadier Squad
Construct Luftwaffe Kompanie
Jäger Squad
Support Elements
Selects Mechanized Battlegroup
Selects Raid Package
Jäger Squad
Selects Mobile Repair Stations
Wirbelwind Flakpanzer
Jäger Squad
Wirbelwind Flakpanzer
Luftwaffe Officer Quarters
Selects Wespe Self-propelled Artillery
Wespe Self-propelled Artillery
Wirbelwind Flakpanzer
Jäger Squad
Wespe Self-propelled Artillery
Selects Zeroing Artillery Barrage
Zeroing Artillery Barrage
Selects 8 Rad Armored Car
Wirbelwind Flakpanzer
Jäger Squad
Zeroing Artillery Barrage
Side Skirts
Medical Station
Wirbelwind Flakpanzer
Pioneer Squad
Selects Panther Heavy Tank
Panther Heavy Tank
TCA星辰大海
浮生、毁你几座春秋
Legionary
ßoo
Tactical Nuclear Cow
法拉利 戰術大師
0
0
Comments
sign in to comment!
No comments posted yet!